| TOP OF THE 1ST |
|
Castries Palmeras batting - Pitching for Santa Ana Cafes : RHP Roy Smith
|
|
Pitching: RHP Roy Smith
|
|
|
Batting: SHB Ignacio Medina
|
0-0: Called Strike 0-1: Ball 1-1: Fly out, F7 (Flyball, 7S, EV 86.9 MPH)
|
|
Batting: RHB Chuckie Canady
|
0-0: Ball 1-0: Called Strike 1-1: Ball 2-1: Ball 3-1: Foul Ball, location: 2F 3-2: Fly out, F8 (Line Drive, 8LD, EV 85.0 MPH)
|
|
Batting: RHB Kevin McReynolds
|
0-0: Ball 1-0: Called Strike 1-1: Foul Ball, location: 2F 1-2: Strikes out looking
|
| Top of the 1st over - 0 runs, 0 hits, 0 errors, 0 left on base; Castries 0 - Santa Ana 0 |
| BOTTOM OF THE 1ST |
|
Santa Ana Cafes batting - Pitching for Castries Palmeras : LHP Jesus Moreno
|
|
Pitching: LHP Jesus Moreno
|
|
|
Batting: SHB Steve Scafa
|
0-0: Foul Ball, location: 2F 0-1: Foul Ball, location: 2F 0-2: Ball 1-2: Foul Ball, location: 2F 1-2: Ball 2-2: Ball 3-2: Foul Ball, location: 2F 3-2: Foul Ball, location: 2F 3-2: Foul Ball, location: 2F 3-2: Foul Ball, location: 2F 3-2: SINGLE (Groundball, 56D, EV 97.5 MPH)
|
|
Batting: RHB Mark Wasinger
|
0-0: Ball 1-0: Foul Ball, location: 2F 1-1: Ball 2-1: Ball 3-1: Foul Ball, location: 2F 3-2: DOUBLE (Flyball, 9LD, EV 109.4 MPH) Steve Scafa to third
|
|
Batting: RHB Glenn Davis
|
0-0: Called Strike 0-1: Fly out, F9 (Flyball, 9D, EV 96.9 MPH) Runner from 3rd tags up, SCORES, throw by RF Mark Wasinger to third
|
|
Batting: RHB Kevin Buckley
|
0-0: Called Strike 0-1: Ball 1-1: Foul Ball, location: 2F 1-2: Ball 2-2: SINGLE (Flyball, 4D, EV 97.5 MPH) Mark Wasinger scores
|
|
Batting: LHB Andre David
|
0-0: Ball 1-0: Foul Ball, location: 2F 1-1: Called Strike 1-2: Ball 2-2: Ball 3-2: DOUBLE (Flyball, 89D, EV 95.0 MPH) Kevin Buckley to third
|
|
Batting: RHB Fred Manrique
|
0-0: Fly out, F9 (Flyball, 89M, EV 72.5 MPH) Runner from 3rd tags up, SCORES, throw by RF Andre David to third
|
|
Batting: RHB Edwin Rodriguez
|
0-0: Called Strike 0-1: Ball 1-1: Foul Ball, location: 2F 1-2: SINGLE (Line Drive, 7LM, EV 103.8 MPH) Andre David scores
|
|
Batting: SHB Esteban Mendez
|
0-0: Ball 1-0: Fly out, F7 (Flyball, 7, EV 86.9 MPH)
|
| Bottom of the 1st over - 4 runs, 5 hits, 0 errors, 1 left on base; Castries 0 - Santa Ana 4 |
| TOP OF THE 2ND |
|
Castries Palmeras batting - Pitching for Santa Ana Cafes : RHP Roy Smith
|
|
Batting: LHB Dan Logan
|
0-0: Fly out, F6 (Popup, 6, EV 65.6 MPH)
|
|
Batting: RHB Rob Teegarden
|
0-0: Swinging Strike 0-1: Foul Ball, location: 2F 0-2: Ball 1-2: Strikes out swinging
|
|
Batting: LHB Franklin Lopez
|
0-0: Foul Ball, location: 2F 0-1: Swinging Strike 0-2: Strikes out swinging
|
| Top of the 2nd over - 0 runs, 0 hits, 0 errors, 0 left on base; Castries 0 - Santa Ana 4 |
| BOTTOM OF THE 2ND |
|
Santa Ana Cafes batting - Pitching for Castries Palmeras : LHP Jesus Moreno
|
|
Batting: LHB Thad Reece
|
0-0: Fly out, F8 (Flyball, 8LM, EV 92.5 MPH)
|
|
Batting: SHB Steve Scafa
|
0-0: Foul Ball, location: 2F 0-1: Ball 1-1: Swinging Strike 1-2: Ball 2-2: Ground out 4-3 (Groundball, 34, EV 91.3 MPH)
|
|
Batting: RHB Mark Wasinger
|
0-0: Ball 1-0: Ball 2-0: Called Strike 2-1: Ball 3-1: Foul Ball, location: 2F 3-2: Base on Balls
|
|
Batting: RHB Glenn Davis
|
0-0: Fly out, F9 (Flyball, 89M, EV 82.5 MPH)
|
| Bottom of the 2nd over - 0 runs, 0 hits, 0 errors, 1 left on base; Castries 0 - Santa Ana 4 |
| TOP OF THE 3RD |
|
Castries Palmeras batting - Pitching for Santa Ana Cafes : RHP Roy Smith
|
|
Batting: LHB Scott Bradley
|
0-0: Called Strike 0-1: Ground out 4-3 (Groundball, 4S, EV 92.5 MPH)
|
|
Batting: RHB Tony Walker
|
0-0: Ball 1-0: Ball 2-0: Fly out, F8 (Line Drive, 8LD, EV 91.9 MPH)
|
|
Batting: RHB Mike Sharperson
|
0-0: Called Strike 0-1: Called Strike 0-2: Ball 1-2: Ball 2-2: Ball 3-2: DOUBLE (Flyball, 78D, EV 109.4 MPH)
|
|
Batting: SHB Ignacio Medina
|
0-0: Called Strike 0-1: Called Strike 0-2: Ball 1-2: Ball 2-2: Ball 3-2: Strikes out swinging
|
| Top of the 3rd over - 0 runs, 1 hit, 0 errors, 1 left on base; Castries 0 - Santa Ana 4 |
| BOTTOM OF THE 3RD |
|
Santa Ana Cafes batting - Pitching for Castries Palmeras : LHP Jesus Moreno
|
|
Batting: RHB Kevin Buckley
|
0-0: Ball 1-0: Swinging Strike 1-1: Foul Ball, location: 2F 1-2: Fly out, F8 (Flyball, 8LXD, EV 90.0 MPH)
|
|
Batting: LHB Andre David
|
0-0: DOUBLE (Line Drive, 7LS, EV 107.5 MPH)
|
|
Batting: RHB Fred Manrique
|
0-0: Ball 1-0: Ball 2-0: Ball 3-0: Base on Balls
|
|
Batting: RHB Edwin Rodriguez
|
0-0: Ball 1-0: Fly out, F9 (Flyball, 9LS, EV 83.8 MPH)
|
|
Batting: SHB Esteban Mendez
|
0-0: Ball 1-0: DOUBLE (Line Drive, 89D, EV 104.4 MPH) Andre David scores Fred Manrique to third Runner from 3rd tries for Home, SAFE, throw by RF to trailing runner, OUT at third! 9-4-5
|
| Bottom of the 3rd over - 2 runs, 2 hits, 0 errors, 0 left on base; Castries 0 - Santa Ana 6 |
| TOP OF THE 4TH |
|
Castries Palmeras batting - Pitching for Santa Ana Cafes : RHP Roy Smith
|
|
Batting: RHB Chuckie Canady
|
0-0: Ball 1-0: Called Strike 1-1: Ball 2-1: Fly out, F4 (Line Drive, 4, EV 66.9 MPH)
|
|
Batting: RHB Kevin McReynolds
|
0-0: Ball 1-0: Called Strike 1-1: Called Strike 1-2: Strikes out swinging
|
|
Batting: LHB Dan Logan
|
0-0: Swinging Strike 0-1: Ball 1-1: Called Strike 1-2: Strikes out swinging
|
| Top of the 4th over - 0 runs, 0 hits, 0 errors, 0 left on base; Castries 0 - Santa Ana 6 |
| BOTTOM OF THE 4TH |
|
Santa Ana Cafes batting - Pitching for Castries Palmeras : LHP Jesus Moreno
|
|
Pitching: LHP Michael Shoaf
|
|
|
Batting: LHB Thad Reece
|
0-0: Ball 1-0: Called Strike 1-1: Ball 2-1: Swinging Strike 2-2: Foul Ball, location: 2F 2-2: Strikes out swinging
|
|
Batting: SHB Steve Scafa
|
0-0: Foul Ball, location: 2F 0-1: Ball 1-1: Ball 2-1: Ball 3-1: Base on Balls
|
|
Batting: RHB Mark Wasinger
|
0-0: Ball 1-0: Foul Ball, location: 2F 1-1: Foul Ball, location: 2F 1-2: Ball 2-2: DOUBLE (Line Drive, 3D, EV 106.3 MPH) Steve Scafa to third Runner from 3rd tries for Home, SAFE, throw by RF to trailing runner, SAFE at third!
|
|
Batting: RHB Glenn Davis
|
0-0: Ball 1-0: Ball Wild Pitch! Mark Wasinger scores 2-0: Ball 3-0: Called Strike 3-1: Called Strike 3-2: Base on Balls
|
|
Batting: RHB Kevin Buckley
|
0-0: Ball 1-0: DOUBLE (Line Drive, 7LM, EV 107.5 MPH) Glenn Davis to third Runner from 3rd tries for Home, SAFE, throw by LF to home
|
|
Batting: LHB Andre David
|
0-0: Ball 1-0: Called Strike 1-1: Ball 2-1: Ground out 4-3 (Groundball, 34D, EV 88.8 MPH) Kevin Buckley to third
|
|
Batting: RHB Fred Manrique
|
0-0: SINGLE (Line Drive, 9S, EV 106.3 MPH) Kevin Buckley scores
|
|
Pitching: RHP Charles Belk
|
|
|
Batting: RHB Edwin Rodriguez
|
0-0: Called Strike 0-1: Ball 1-1: Swinging Strike 1-2: Foul Ball, location: 2F 1-2: Foul Ball, location: 2F 1-2: Strikes out looking
|
| Bottom of the 4th over - 4 runs, 3 hits, 0 errors, 1 left on base; Castries 0 - Santa Ana 10 |
| TOP OF THE 5TH |
|
Castries Palmeras batting - Pitching for Santa Ana Cafes : RHP Roy Smith
|
|
Batting: RHB Rob Teegarden
|
0-0: Ball 1-0: Ball 2-0: Ball 3-0: Called Strike 3-1: Swinging Strike 3-2: Foul Ball, location: 2F 3-2: Strikes out swinging
|
|
Batting: LHB Franklin Lopez
|
0-0: Called Strike 0-1: Ball 1-1: Ground out 4-3 (Groundball, 4D, EV 100.6 MPH)
|
|
Batting: LHB Scott Bradley
|
0-0: Ball 1-0: Ball 2-0: Ball 3-0: Base on Balls
|
|
Batting: RHB Tony Walker
|
0-0: Called Strike 0-1: Fly out, F8 (Flyball, 8RXD, EV 96.3 MPH)
|
| Top of the 5th over - 0 runs, 0 hits, 0 errors, 1 left on base; Castries 0 - Santa Ana 10 |
| BOTTOM OF THE 5TH |
|
Santa Ana Cafes batting - Pitching for Castries Palmeras : RHP Charles Belk
|
|
Batting: SHB Esteban Mendez
|
0-0: Ball 1-0: Ground out 4-3 (Groundball, 34D, EV 108.8 MPH)
|
|
Batting: LHB Thad Reece
|
0-0: Ball 1-0: SINGLE (Flyball, 89S, EV 90.0 MPH)
|
|
Batting: SHB Steve Scafa
|
0-0: Foul Ball, location: 2F 0-1: Foul Ball, location: 2F 0-2: Foul Ball, location: 2F 0-2: SINGLE (Groundball, 3D, EV 97.5 MPH) Thad Reece to second
|
|
Batting: RHB Mark Wasinger
|
0-0: Ball 1-0: Called Strike 1-1: Foul Ball, location: 2F 1-2: SINGLE (Line Drive, 9LS, EV 98.1 MPH) Thad Reece to third Steve Scafa to second Runner from 3rd tries for Home, SAFE, throw by RF to home
|
|
Batting: RHB Glenn Davis
|
0-0: Ball 1-0: Called Strike 1-1: Swinging Strike 1-2: Foul Ball, location: 2F 1-2: Ball 2-2: TRIPLE (Flyball, 89XD, EV 103.1 MPH) Steve Scafa scores Mark Wasinger scores
|
|
Batting: RHB Kevin Buckley
|
0-0: Called Strike 0-1: Ball 1-1: Swinging Strike 1-2: Strikes out swinging
|
|
Batting: LHB Andre David
|
0-0: Ball 1-0: Ball 2-0: Fly out, F7 (Flyball, 7S, EV 86.9 MPH)
|
| Bottom of the 5th over - 3 runs, 4 hits, 0 errors, 1 left on base; Castries 0 - Santa Ana 13 |
| TOP OF THE 6TH |
|
Castries Palmeras batting - Pitching for Santa Ana Cafes : RHP Roy Smith
|
|
Batting: RHB Mike Sharperson
|
0-0: Ball 1-0: Swinging Strike 1-1: Ball 2-1: Foul Ball, location: 2F 2-2: Ball 3-2: Fly out, F8 (Flyball, 8LD, EV 105.0 MPH)
|
|
Batting: SHB Ignacio Medina
|
0-0: Called Strike 0-1: Ball 1-1: Fly out, F9 (Flyball, 9S, EV 82.5 MPH)
|
|
Batting: RHB Chuckie Canady
|
0-0: Ball 1-0: Ball 2-0: Ball 3-0: Called Strike 3-1: Called Strike 3-2: Strikes out swinging
|
| Top of the 6th over - 0 runs, 0 hits, 0 errors, 0 left on base; Castries 0 - Santa Ana 13 |
| BOTTOM OF THE 6TH |
|
Santa Ana Cafes batting - Pitching for Castries Palmeras : RHP Charles Belk
|
|
Batting: RHB Fred Manrique
|
0-0: Ground out 6-3 (Groundball, P, EV 90.0 MPH)
|
|
Batting: RHB Edwin Rodriguez
|
0-0: Called Strike 0-1: Ball 1-1: Ball 2-1: Ball 3-1: Ground out 4-3 (Groundball, 4M, EV 85.6 MPH)
|
|
Batting: SHB Esteban Mendez
|
0-0: Ground out 3-1 (Groundball, 34, EV 84.4 MPH)
|
| Bottom of the 6th over - 0 runs, 0 hits, 0 errors, 0 left on base; Castries 0 - Santa Ana 13 |
| TOP OF THE 7TH |
|
Castries Palmeras batting - Pitching for Santa Ana Cafes : RHP Roy Smith
|
|
Pinch Hitting: LHB Joe DeSa
|
0-0: Ball 1-0: Ball 2-0: Foul Ball, location: 2F 2-1: Ground out U3 (Groundball, 34, EV 84.4 MPH)
|
|
Pinch Hitting: RHB James Barbe
|
0-0: Foul Ball, location: 2F 0-1: Ball 1-1: Ball 2-1: Foul Ball, location: 2F 2-2: Ball 3-2: Ground out 5-3 (Groundball, 56, EV 101.9 MPH)
|
|
Batting: RHB Rob Teegarden
|
0-0: Swinging Strike 0-1: Ball 1-1: Ball 2-1: Called Strike 2-2: Ball 3-2: Foul Ball, location: 2F 3-2: Base on Balls
|
|
Batting: LHB Franklin Lopez
|
0-0: Called Strike 0-1: Ball 1-1: Foul Ball, location: 2F 1-2: Ball 2-2: Strikes out swinging
|
| Top of the 7th over - 0 runs, 0 hits, 0 errors, 1 left on base; Castries 0 - Santa Ana 13 |
| BOTTOM OF THE 7TH |
|
Santa Ana Cafes batting - Pitching for Castries Palmeras : RHP Charles Belk
|
|
Pitching: LHP Bill Latham
|
|
|
Now at 1B: James Barbe
|
|
|
Now in LF: Joe DeSa
|
|
|
Batting: LHB Thad Reece
|
0-0: Ground out 6-3 (Groundball, 6, EV 102.5 MPH)
|
|
Batting: SHB Steve Scafa
|
0-0: Ball 1-0: Ball 2-0: Ball 3-0: Base on Balls
|
|
Batting: RHB Mark Wasinger
|
0-0: Ball 1-0: Ball 2-0: Ball 3-0: Base on Balls Steve Scafa to second
|
|
Batting: RHB Glenn Davis
|
0-0: Ball 1-0: Ball 2-0: Called Strike 2-1: Foul Ball, location: 2F 2-2: Foul Ball, location: 2F 2-2: Foul Ball, location: 2F 2-2: Strikes out swinging
|
|
Batting: RHB Kevin Buckley
|
0-0: Called Strike 0-1: Called Strike 0-2: SINGLE (Line Drive, 56, EV 103.1 MPH) Steve Scafa to third Mark Wasinger to second Runner from 3rd tries for Home, throw by LF and OUT! 7-2
|
| Bottom of the 7th over - 0 runs, 1 hit, 0 errors, 2 left on base; Castries 0 - Santa Ana 13 |
| TOP OF THE 8TH |
|
Castries Palmeras batting - Pitching for Santa Ana Cafes : RHP Roy Smith
|
|
Batting: LHB Scott Bradley
|
0-0: Ball 1-0: Ground out U3 (Groundball, 3, EV 84.4 MPH)
|
|
Batting: RHB Tony Walker
|
0-0: Called Strike 0-1: Ball 1-1: Called Strike 1-2: Fly out, F4 (Flyball, 4MD, EV 88.1 MPH)
|
|
Batting: RHB Mike Sharperson
|
0-0: Ball 1-0: Fly out, F7 (Flyball, 7LS, EV 84.4 MPH)
|
| Top of the 8th over - 0 runs, 0 hits, 0 errors, 0 left on base; Castries 0 - Santa Ana 13 |
| BOTTOM OF THE 8TH |
|
Santa Ana Cafes batting - Pitching for Castries Palmeras : LHP Bill Latham
|
|
Batting: LHB Andre David
|
0-0: Ball 1-0: Called Strike 1-1: Called Strike 1-2: Foul Ball, location: 2F 1-2: Ball 2-2: Fly out, F7 (Flyball, 7, EV 89.4 MPH)
|
|
Batting: RHB Fred Manrique
|
0-0: Fly out, F6 (Line Drive, 6, EV 71.3 MPH)
|
|
Pinch Hitting: RHB Luis A Rivera
|
0-0: Foul Ball, location: 2F 0-1: Swinging Strike 0-2: Ball 1-2: Fly out, F6 (Popup, 6M, EV 48.8 MPH)
|
| Bottom of the 8th over - 0 runs, 0 hits, 0 errors, 0 left on base; Castries 0 - Santa Ana 13 |
| TOP OF THE 9TH |
|
Castries Palmeras batting - Pitching for Santa Ana Cafes : RHP Roy Smith
|
|
Now at 3B: Luis A Rivera
|
|
|
Batting: SHB Ignacio Medina
|
0-0: Ball 1-0: Ball 2-0: Called Strike 2-1: Foul Ball, location: 2F 2-2: Ball 3-2: Base on Balls
|
|
Batting: RHB Chuckie Canady
|
0-0: Ball 1-0: Ball 2-0: TRIPLE (Flyball, 9LD, EV 105.6 MPH) Ignacio Medina scores
|
|
Pitching: RHP Rich Monteleone
|
|
|
Batting: LHB Joe DeSa
|
0-0: Ball 1-0: Ground out 4-3 (Groundball, 34, EV 105.0 MPH) Chuckie Canady scores
|
|
Batting: RHB James Barbe
|
0-0: Foul Ball, location: 2F 0-1: Foul Ball, location: 2F 0-2: Strikes out looking
|
|
Batting: RHB Rob Teegarden
|
0-0: Ball 1-0: Ball 2-0: Foul Ball, location: 2F 2-1: Fly out, F4 (Popup, 3D, EV 55.6 MPH)
|
| Top of the 9th over - 2 runs, 1 hit, 0 errors, 0 left on base; Castries 2 - Santa Ana 13 |
|